 Dungeon Crawl Stone Soup version 0.21.1-1-g345015f (webtiles) character file.

5148 nicolaieve the Cleaver (level 10, -7/88 HPs)
             Began as a Minotaur Berserker on July 11, 2018.
             Was a High Priest of Trog.
             Mangled by a three-headed hydra (9 damage)
             ... on level 9 of the Dungeon.
             The game lasted 00:27:53 (5887 turns).

nicolaieve the Cleaver (Minotaur Berserker)         Turns: 5887, Time: 00:27:54

Health: -7/88      AC: 12    Str: 25    XL:     10   Next: 33%
Magic:  9/9        EV: 10    Int:  7    God:    Trog [*****.]
Gold:   427        SH:  0    Dex: 10    Spells: 9/9 levels left

rFire    . . .     SeeInvis .   f - +1 mace (holy)
rCold    . . .     Gourm    .   (no shield)
rNeg     . . .     Faith    +   l - +0 chain mail
rPois    .         Spirit   .   (helmet restricted)
rElec    .         Reflect  .   (no cloak)
rCorr    .         Harm     .   m - +0 pair of gloves
MR       ++...                  (no boots)
Stlth    ..........             z - amulet of faith
HPRegen  1.24/turn              F - ring of stealth
MPRegen  0.11/turn              C - +3 ring of intelligence

@: starving, regenerating
A: retaliatory headbutt, horns 2
a: Berserk, Trog's Hand, Brothers in Arms, Burn Spellbooks, Renounce Religion


You were on level 9 of the Dungeon.
You worshipped Trog.
Trog was extremely pleased with you.
You were starving.

You visited 1 branch of the dungeon, and saw 9 of its levels.
You also visited: Sewer.

You collected 427 gold pieces.

Inventory:

Hand Weapons
 d - a +1 antimagic battleaxe
 f - a +1 mace of holy wrath (weapon)
 o - a +0 war axe
Armour
 l - a +0 chain mail (worn)
 m - a +0 pair of gloves (worn)
Jewellery
 z - an amulet of faith (around neck)
 C - a +3 ring of intelligence (right hand)
 F - a ring of stealth (left hand)
Wands
 b - a wand of iceblast (5)
 r - a wand of digging (19)
 E - a wand of flame (24)
Scrolls
 e - a scroll of enchant weapon {unknown}
 g - a scroll of random uselessness {unknown}
 h - 3 scrolls of teleportation
 j - 4 scrolls of fear
 p - 2 scrolls of remove curse
 q - a scroll of noise {unknown}
 t - 3 scrolls of fog
 y - 2 scrolls of magic mapping
 A - a scroll of torment {unknown}
Potions
 i - a potion of flight
 k - 8 potions of curing
 n - a potion of invisibility
 s - a potion of mutation {unknown}
 u - a potion of agility {unknown}
 v - 2 potions of haste
 w - a potion of ambrosia {unknown}
 x - a potion of heal wounds {unknown}
 B - a potion of resistance {unknown}
Comestibles
 a - a chunk of flesh
 c - 11 rations


   Skills:
 + Level 7.8 Fighting
 * Level 14.2 Axes
 + Level 8.5 Armour
 + Level 3.9 Dodging


You had 9 spell levels left.
You didn't know any spells.

Dungeon Overview and Level Annotations

Branches:
Dungeon (9/15)             Temple (0/1) D:5            Lair (0/6) D:8
    Orc: D:9-12

Altars:
Ashenzari
Fedhas
Kikubaaqudgha
Qazlal
Xom
Yredelemnul


Innate Abilities, Weirdness & Mutations

You reflexively headbutt those who attack you in melee.
You have a pair of horns on your head.


Message History

* * * LOW HITPOINT WARNING * * *
The three-headed hydra bites you!
* * * LOW HITPOINT WARNING * * *
The three-headed hydra barely misses you.
There is an escape hatch in the floor, spattered with blood here.
You can't go up here!
Unknown command.
Unknown command.
The big kobold hits you but does no damage.
The three-headed hydra completely misses you.
The three-headed hydra barely misses you.
The three-headed hydra bites you!
* * * LOW HITPOINT WARNING * * *
You slide downwards.
The hatch slams shut behind you.
A worker ant comes into view.
Found 2 rations and 18 gold pieces.
You open the door. The three-headed hydra bites you!
* * * LOW HITPOINT WARNING * * *
The three-headed hydra bites you!
You die...

.........
..........
......a... #####
#..%......
#.....#.........
#.....#...%.....
+.....'.........
#@D.......
#.........
.......##+.....
.......# #..#
.....$.+ #.
.......#
###+####


You could see a three-headed hydra and a worker ant.

Vanquished Creatures
  2 two-headed ogres (D:8)
  2 dream sheep (D:8)
  A hippogriff (D:8)
  Sigmund (D:5)
  2 yaks (D:8)
  Eustachio (D:5)
  A hungry ghost (D:8)
  An orc warrior (D:7)
  2 sky beasts
  An ogre (D:5)
  A necrophage (D:7)
  A phantom (D:7)
  2 centaurs (D:7)
  2 big kobolds (D:8)
  4 bullfrogs
  2 scorpions (D:7)
  5 killer bees (D:7)
  2 howler monkeys
  3 crimson imps
  A bullfrog skeleton (D:7)
  A hound (D:3)
  3 jellies
  4 orc wizards
  2 orc priests (D:7)
  A centaur skeleton (D:8)
  An iguana (D:7)
  Natasha (thrice) (D:3)
  7 worker ants
  A howler monkey zombie (D:5)
  3 gnolls (D:8)
  2 river rats (Sewer)
  14 adders
  2 shadow imps (D:5)
  3 oozes
  3 adder skeletons
  An adder zombie (D:5)
  5 worms
  2 dart slugs (D:1)
  7 leopard geckos
  26 orcs
  3 giant cockroaches
  4 goblins
  8 hobgoblins
  10 jackals
  3 quokkas
  10 ball pythons
  A ball python skeleton (D:6)
  8 bats
  8 frilled lizards
  9 kobolds
  A quokka zombie (D:6)
  37 rats
230 creatures vanquished.

Vanquished Creatures (others)
  A plant (D:8)
1 creature vanquished.

Grand Total: 231 creatures vanquished

Notes
Turn   | Place    | Note
-------+----------+-------------------------------------------
     0 | D:1      | nicolaieve the Minotaur Berserker began the quest for the Orb.
     0 | D:1      | Reached XP level 1. HP: 19/19 MP: 0/0
    72 | D:1      | Reached skill level 4 in Axes
    78 | D:1      | Reached XP level 2. HP: 21/27 MP: 1/1
   233 | D:1      | Reached XP level 3. HP: 18/33 MP: 2/2
   634 | D:2      | Reached ** piety under Trog
   706 | D:2      | Found a shattered altar of Ashenzari.
   815 | D:2      | Reached skill level 5 in Axes
   994 | D:2      | Reached XP level 4. HP: 24/40 MP: 3/3
  1069 | D:3      | Noticed Natasha
  1075 | D:3      | Killed Natasha
  1211 | D:3      | Reached *** piety under Trog
  1237 | D:3      | Noticed Natasha
  1250 | D:3      | Killed Natasha
  1250 | D:3      | Reached skill level 6 in Axes
  1250 | D:3      | Reached XP level 5. HP: 42/47 MP: 4/4
  1295 | D:3      | Noticed Natasha
  1297 | D:3      | Found an ancient bone altar of Kikubaaqudgha.
  1303 | D:3      | Killed Natasha
  1456 | D:3      | Found a glowing drain.
  1473 | Sewer    | Entered a sewer
  1563 | Sewer    | Reached **** piety under Trog
  1564 | Sewer    | Reached XP level 6. HP: 39/53 MP: 5/5
  1650 | Sewer    | Reached skill level 7 in Axes
  1731 | Sewer    | Reached skill level 5 in Fighting
  2177 | D:4      | Reached skill level 8 in Axes
  2177 | D:4      | Reached XP level 7. HP: 61/61 MP: 6/6
  2352 | D:4      | Reached ***** piety under Trog
  2425 | D:4      | Received a gift from Trog
  3059 | D:5      | Entered Level 5 of the Dungeon
  3215 | D:5      | Found a staircase to the Ecumenical Temple.
  3336 | D:5      | Noticed Eustachio
  3337 | D:5      | Reached skill level 9 in Axes
  3353 | D:5      | Killed Eustachio
  3378 | D:5      | Reached XP level 8. HP: 41/69 MP: 7/7
  3384 | D:5      | Found a blossoming altar of Fedhas.
  3541 | D:5      | Noticed Sigmund
  3542 | D:5      | Found a basalt altar of Yredelemnul.
  3547 | D:5      | Killed Sigmund
  3547 | D:5      | Reached skill level 10 in Axes
  3547 | D:5      | Reached skill level 5 in Armour
  3558 | D:5      | Found a stormy altar of Qazlal.
  3558 | D:5      | Found a shimmering altar of Xom.
  3834 | D:6      | Found a shimmering altar of Xom.
  4299 | D:7      | Reached skill level 11 in Axes
  4511 | D:7      | Reached XP level 9. HP: 43/76 MP: 8/8
  4576 | D:7      | Reached skill level 12 in Axes
  5204 | D:7      | Received a gift from Trog
  5705 | D:8      | Noticed a two-headed ogre
  5712 | D:8      | Killed a two-headed ogre
  5712 | D:8      | Reached skill level 13 in Axes
  5759 | D:8      | Found a staircase to the Lair.
  5763 | D:8      | Noticed a two-headed ogre
  5778 | D:8      | Killed a two-headed ogre
  5778 | D:8      | Reached XP level 10. HP: 76/86 MP: 9/9
  5824 | D:8      | Reached skill level 14 in Axes
  5841 | D:8      | Noticed a three-headed hydra
  5887 | D:9      | HP: 2/88 [three-headed hydra (7)]
  5887 | D:9      | Mangled by a three-headed hydra

Skill      XL: |  1  2  3  4  5  6  7  8  9 10 |
---------------+-------------------------------+-----
Axes           | 4 5 6 8 9 11 13 14 | 14.2
Fighting       | 4 5 6 7 |  7.8
Armour         | 3 4 5 8 |  8.5
Dodging        | 3 |  3.9

Action                   |  1- 3 |  4- 6 |  7- 9 | 10-12 || total
-------------------------+-------+-------+-------+-------++-------
Melee: Hand axe          |    94 |   157 |   268 |       ||   519
       Headbutt          |    14 |    16 |    66 |     2 ||    98
       War axe           |       |       |    44 |    27 ||    71
Invok: Berserk           |       |     2 |     7 |     1 ||    10
       Trog's Hand       |       |       |     3 |     2 ||     5
       Burn Spellbooks   |       |       |     2 |       ||     2
  Use: Scroll            |       |       |    13 |       ||    13
       Potion            |       |       |     1 |       ||     1
  Eat: Chunk             |       |     6 |    18 |     2 ||    26
       Ration            |       |       |     1 |       ||     1
Armor: Animal skin       |     6 |       |       |       ||     6
       Ring mail         |    12 |       |       |       ||    12
       Scale mail        |    22 |     3 |       |       ||    25
       Chain mail        |       |   123 |   155 |    22 ||   300
Dodge: Dodged            |    49 |    83 |   125 |    13 ||   270
